 Dungeon Crawl Stone Soup version 0.17-a0-1504-gb7d9117 (webtiles) character file.

42 Helldiver the Magician (level 3, -2/36 HPs)
             Began as a Human Wizard on July 9, 2015.
             Was a Follower of Elyvilon.
             Slain by a worm (6 damage)
             ... on level 2 of the Dungeon.
             The game lasted 00:11:28 (1006 turns).

Helldiver the Magician (Human Wizard)               Turns: 1006, Time: 00:11:28

Health: -2/36      AC: 21    Str:  7    XL:     3   Next: 77%
Magic:  4/7        EV:  2    Int: 19    God:    Elyvilon [*.....]
Gold:   31         SH:  0    Dex: 11    Spells: 3 memorised, 2 levels left

rFire  . . .     SeeInvis .     i - -1 dagger (curse)
rCold  . . .     Clarity  .     (armour currently unavailable)
rNeg   + + +     SustAt   +     (no shield)
rPois  +         Gourm    .     (helmet currently unavailable)
rElec  .         Spirit   .     (cloak currently unavailable)
rCorr  .         Warding  .     (gloves currently unavailable)
rMut   .         NoTele   +     (boots currently unavailable)
MR     .....                    (no amulet)
Stlth  +++.......               (no ring)
                                e - ring of sustain attributes

@: tree-form (expiring), not resistant to hostile enchantments, fairly stealthy
A: no striking features
a: Lesser Healing, Divine Protection, Renounce Religion


You were on level 2 of the Dungeon.
You worshipped Elyvilon.
Elyvilon was aware of your devotion.
You were not hungry.
You were a tree.
You visited 1 branch of the dungeon, and saw 2 of its levels.

You collected 31 gold pieces.

Inventory:

Hand weapons
 h - a +0 whip
 i - a cursed -1 dagger (weapon)
 k - a cursed -2 hand axe
 r - a +0 spear
 v - a +0 spear
Missiles
 g - 26 stones (quivered)
 n - 21 bolts
 t - 7 poisoned needles
 u - 22 arrows
Armour
 a - a +1 robe (melded)
 b - a +0 hat (melded)
 s - a +1 cloak (melded)
Jewellery
 e - a ring of sustain attributes (left branch)
Potions
 f - a potion of curing
 m - a potion of heal wounds {unknown}
 p - a potion of agility {unknown}
 q - 2 potions of cure mutation {unknown}
Books
 c - a book of Minor Magic

   Spells                             Type                      Level
   a - Magic Dart                     Conjuration                  1
   b - Blink                          Translocation                2
   c - Call Imp                       Summoning                    2
   d - Repel Missiles                 Charms/Air                   2
   e - Slow                           Hexes                        2
   f - Conjure Flame                  Conjuration/Fire             3
   g - Mephitic Cloud                 Conjuration/Poison/Air       3
Comestibles
 d - 2 bread rations
 j - 3 chunks of flesh


   Skills:
 + Level 2.7 Dodging
 + Level 2.5 Stealth
 + Level 3.2 Spellcasting
 + Level 1.6 Conjurations
   Level 1.0 Summonings
 - Level 1.0 Translocations


You had 2 spell levels left.
You knew the following spells:

 Your Spells              Type           Power        Failure   Level  Hunger
a - Magic Dart            Conj           #...         10%         1    None
b - Blink                 Tloc           N/A          17%         2    ##.....
c - Mephitic Cloud        Conj/Pois/Air  #.......     38%         3    ###....


Dungeon Overview and Level Annotations

Branches:
Dungeon (2/15)

Altars:
Elyvilon


Message History

The worm is almost dead.
The worm bites you but does no damage. The worm bites you.
* * * LOW HITPOINT WARNING * * *
You hit the worm.
You kill the worm!
The worm bites you but does no damage.
You cannot move.
You hit the worm but do no damage. You hit the worm.
The worm is lightly wounded.
The worm bites you.
* * * LOW HITPOINT WARNING * * *
You hit the worm but do no damage. You hit the worm.
The worm is lightly wounded.
The worm bites you but does no damage.
You hit the worm but do no damage.
Your transformation is almost over.
The worm bites you.
You die...

...# #+# ...# #.#
#.. ###.## ...
#####....# #.#
#........##### #!#
#.##....(....#
##.###.##...(......
#.w........#..###.#
##♣###.##.##..# #
### #.##.##..###.#
#............#
#######.###### #.#
#.# #.# ### #.#
..## #.######


You could see a worm.

Vanquished Creatures
  An adder (D:2)
  A worm (D:2)
  A ball python (D:2)
  3 goblins
  3 hobgoblins (D:1)
  9 kobolds
  5 bats (D:1)
  A giant gecko (D:1)
  2 giant newts (D:1)
  4 rats
30 creatures vanquished.

Notes
Turn   | Place    | Note
--------------------------------------------------------------
     0 | D:1      | Helldiver the Human Wizard began the quest for the Orb.
     0 | D:1      | Reached XP level 1. HP: 13/13 MP: 4/4
   208 | D:1      | Reached XP level 2. HP: 19/19 MP: 1/6
   212 | D:1      | Learned a level 2 spell: Blink
   435 | D:1      | Reached XP level 3. HP: 16/24 MP: 0/7
   447 | D:1      | Learned a level 3 spell: Mephitic Cloud
   745 | D:2      | Found a faded altar to an unknown god.
   920 | D:2      | Became a worshipper of Elyvilon the Healer
   920 | D:2      | Acquired Elyvilon's first power
  1006 | D:2      | Slain by a worm

Vault maps used:
D:1:      dpeg_arrival_three_same_balls
D:2:      ecumenical_altar_2, kennysheep_big_empty_room

Action                   || total
-------------------------++-------
Melee: Dagger            ||    83
Throw: Stone             ||    23
 Cast: Magic Dart        ||    67
  Use: Scroll            ||     5
       Potion            ||     1
